 Dungeon Crawl Stone Soup version 0.28.0-53-g5a82cb258f (webtiles) character file.

Game seed: 8705960729462466164

973 Zeld the Skirmisher (level 7, 0/66 HPs)
             Began as a Minotaur Berserker on May 22, 2022.
             Was a Priest of Trog.
             Slain by a kobold brigand
             ... wielding a +0 falchion
              (2 damage)
             ... on level 6 of the Dungeon.
             The game lasted 00:03:04 (6187 turns).

Zeld the Skirmisher (Minotaur Berserker)            Turns: 6187, Time: 00:03:05

Health: 0/66       AC:  3    Str: 24    XL:     7   Next: 94%
Magic:  6/6        EV: 13    Int:  4    God:    Trog [***...]
Gold:   226        SH:  0    Dex:  9    Spells: 6/6 levels left

rFire   . . .      SeeInvis .   a - +0 hand axe
rCold   . . .      Faith    .   (no shield)
rNeg    . . .      Spirit   .   b - +0 animal skin
rPois   .          Reflect  .   q - +1 hat
rElec   .          Harm     .   (no cloak)
rCorr   .          Rampage  .   (no gloves)
Will    ++...                   (no boots)
Stlth   +.........              (no amulet)
HPRegen 1.21/turn               (no ring)
MPRegen 0.10/turn               (no ring)

@: strong-willed, on berserk cooldown, regenerating, slowed, very slow
A: horns 2, retaliatory headbutt
a: Renounce Religion, Berserk, Trog's Hand


You were on level 6 of the Dungeon.
You worshipped Trog.
Trog was most pleased with you.
You visited 1 branch of the dungeon, and saw 6 of its levels.

You collected 226 gold pieces.

Inventory:

Hand Weapons
 a - a +0 hand axe (weapon)
Armour
 b - a +0 animal skin (worn)
 q - a +1 hat (worn)
Scrolls
 e - 4 scrolls of identify {unknown}
 f - 3 scrolls of teleportation {unknown}
 h - a scroll of silence {unknown}
 i - 2 scrolls of blinking {unknown}
 k - 3 scrolls of noise {unknown}
 m - a scroll of vulnerability {unknown}
 p - a scroll of fog {unknown}
 r - a scroll of fear {unknown}
Potions
 c - 7 potions of curing {unknown}
 d - 2 potions of degeneration {unknown}
 g - a potion of heal wounds {unknown}
 j - a potion of lignification {unknown}
 l - a potion of attraction {unknown}
 n - a potion of ambrosia {unknown}
 o - a potion of cancellation {unknown}


   Skills:
 * Level 7.3 Fighting
 * Level 7.2 Axes
 + Level 5.1 Armour
 + Level 4.5 Dodging


You had 6 spell levels left.
You didn't know any spells.
Your spell library was empty.

Dungeon Overview and Level Annotations

Branches:
Dungeon (6/15)
 Temple: D:4-7

Altars:
Fedhas
Makhleb
Vehumet
The Shining One


Innate Abilities, Weirdness & Mutations

You have a pair of horns on your head.
You reflexively headbutt those who attack you in melee.


Message History

The orc closely misses you.
Unknown command.
You slash the orc!
You kill the orc!
Trog accepts your kill.
Unknown command.
You hit the orc.
The orc is severely wounded.
The orc barely misses you. The orc closely misses you.
Unknown command.
You closely miss the orc.
The orc is severely wounded.
The orc misses you. You furiously retaliate!
You headbutt the orc.
You kill the orc!
Trog accepts your kill.
Unknown command.
The bullfrog zombie hits you.
The kobold brigand hits you with a +0 falchion!
* * * LOW HITPOINT WARNING * * *
The bullfrog zombie hits you.
* * * LOW HITPOINT WARNING * * *
The kobold brigand hits you with a +0 falchion.
* * * LOW HITPOINT WARNING * * *
Items here: )))) [ †††.
Unknown command.
You barely miss the kobold brigand.
The kobold brigand is moderately wounded.
You hit the bullfrog zombie but do no damage.
The bullfrog zombie hits you.
* * * LOW HITPOINT WARNING * * *
The kobold brigand closely misses you. The bullfrog zombie hits you.
* * * LOW HITPOINT WARNING * * *
Unknown command.
You hit the kobold brigand but do no damage.
The kobold brigand is moderately wounded.
You hit the bullfrog zombie.
You destroy the bullfrog zombie!
Trog accepts your kill.
The kobold brigand hits you with a +0 falchion.
You die...

#....#.## #>......#
#.... ##.......#
#...# ##..... #.#
#...# #...... #.#
#...# #....###.#
#...#
#.)K)...#####...####
#@##.))...........
#........)........
####..............
########...####
#...# #...# #...#
#...# #...#


You could see a kobold brigand.

Vanquished Creatures
  2 ogres (D:6)
  3 scorpions
  A howler monkey (D:5)
  A bullfrog zombie (D:6)
  A jelly (D:5)
  3 orc priests
  2 gnoll shamans
  3 iguanas
  An orc wizard (D:3)
  A howler monkey zombie (D:6)
  Robin (D:2)
  6 adders
  10 gnolls
  A white imp (D:5)
  An adder skeleton (D:4)
  2 worms
  A dart slug (D:3)
  18 orcs
  11 endoplasms
  2 giant cockroaches
  6 hobgoblins
  2 jackals (D:1)
  4 quokkas
  6 ball pythons
  4 bats
  A frilled lizard (D:3)
  19 goblins
  8 kobolds
  5 rats
126 creatures vanquished.

Notes
Turn   | Place    | Note
-------+----------+-------------------------------------------
     0 | D:1      | Zeld the Minotaur Berserker began the quest for the Orb.
     0 | D:1      | Reached XP level 1. HP: 19/19 MP: 0/0
   362 | D:1      | Reached XP level 2. HP: 25/27 MP: 1/1
   717 | D:2      | Reached XP level 3. HP: 28/33 MP: 2/2
   782 | D:2      | Reached ** piety under Trog
   916 | D:2      | Found a radiant altar of Vehumet.
   999 | D:2      | Noticed Robin
  1016 | D:2      | Killed Robin
  1017 | D:2      | Reached XP level 4. HP: 41/41 MP: 3/3
  2122 | D:3      | Found a glowing golden altar of the Shining One.
  2181 | D:3      | Reached skill level 5 in Fighting
  2181 | D:3      | Reached XP level 5. HP: 13/48 MP: 4/4
  2521 | D:3      | Reached skill level 5 in Axes
  2958 | D:3      | Reached *** piety under Trog
  3436 | D:4      | Reached XP level 6. HP: 34/56 MP: 5/5
  4561 | D:4      | Found a blossoming altar of Fedhas.
  4872 | D:5      | Entered Level 5 of the Dungeon
  4941 | D:5      | Reached XP level 7. HP: 23/63 MP: 6/6
  5376 | D:5      | Found a burning altar of Makhleb.
  5941 | D:6      | Reached skill level 5 in Armour
  6186 | D:6      | HP: 1/66 [bullfrog zombie (6)]
  6187 | D:6      | Slain by a kobold brigand

Illustrated notes

Levels and vault maps discovered:
D:1:      dpeg_arrival_arbitrary_c, layout_basic, chequers_garden
D:2:      minmay_general_purpose_star, layout_basic, basic_altar, wad_orctagon,
          uniq_robin
D:3:      layout_rooms, lemuel_crystal_altar
D:4:      layout_loops_ring, mainiacjoe_overflow_brackets, dk_vineyard_2
D:5:      layout_gridville, old_standard_altar, serial_park_tiny_1
D:6:      layout_loops_cross, temple_green

Skill      XL: |  1  2  3  4  5  6  7 |
---------------+----------------------+-----
Fighting       | 4 5 6 7 |  7.3
Axes           | 4 5 6 7 |  7.2
Armour         | 3 4 5 |  5.1
Dodging        | 3 4 |  4.5

Action                   |  1- 3 |  4- 6 |  7- 9 || total
-------------------------+-------+-------+-------++-------
Melee: Hand axe          |    61 |   175 |    78 ||   314
       Headbutt          |     9 |    22 |     9 ||    40
       Punch             |       |     2 |       ||     2
Invok: Berserk           |     1 |     4 |     2 ||     7
       Trog's Hand       |       |     1 |     1 ||     2
 Stab: Distracted        |       |       |     1 ||     1
Armor: Animal skin       |    20 |    36 |     5 ||    61
Dodge: Dodged            |    40 |   115 |    57 ||   212
